 Dungeon Crawl Stone Soup version 0.24-a0-584-g9d6b971 (webtiles) character file.

Game seed: 10649835396183498965, levelgen mode: deterministic

83 Firecrotchwizard the Chopper (level 4, 0/41 HPs)
             Began as a Hill Orc Monk on Aug 31, 2019.
             Slain by an orc wizard
             ... wielding a +4 dagger
              (1 damage)
             ... on level 3 of the Dungeon.
             The game lasted 00:04:29 (2892 turns).

Firecrotchwizard the Chopper (Hill Orc Monk)        Turns: 2892, Time: 00:04:29

Health: 0/41       AC:  5    Str: 14    XL:     4   Next: 44%
Magic:  4/4        EV: 11    Int: 10    God:
Gold:   47         SH:  0    Dex: 13    Spells: 3/3 levels left

rFire    . . .     SeeInvis .   a - +0 hand axe
rCold    . . .     Gourm    .   (no shield)
rNeg     . . .     Faith    .   r - +0 ring mail
rPois    .         Spirit   .   (no helmet)
rElec    .         Reflect  .   (no cloak)
rCorr    .         Harm     .   (no gloves)
MR       .....                  (no boots)
Stlth    +.........             (no amulet)
HPRegen  0.13/turn              l - ring of wizardry {Wiz+, !d}
MPRegen  0.09/turn              (no ring)

@: no status effects
A: no striking features
a: no special abilities


You were on level 3 of the Dungeon.
You were not hungry.

You visited 1 branch of the dungeon, and saw 3 of its levels.

You collected 47 gold pieces.

Inventory:

Hand Weapons
 a - a +0 hand axe (weapon)
Armour
 b - a +0 robe
 e - a +0 leather armour
   (You found it on level 1 of the Dungeon)
 r - a +0 ring mail (worn)
   (You found it on level 2 of the Dungeon)
Jewellery
 l - a ring of wizardry (left hand) {Wiz+, !d}
   (You found it on level 2 of the Dungeon)
Wands
 m - a wand of disintegration (1)
   (You found it on level 2 of the Dungeon)
Scrolls
 d - a scroll of random uselessness {unknown}
 g - a scroll of blinking {unknown}
 n - a scroll of identify {unknown}
 o - a scroll of enchant armour {unknown}
 p - 2 scrolls of teleportation {unknown}
 s - a scroll of remove curse {unknown}
Potions
 h - a potion of flight {unknown}
 i - 3 potions of curing
 j - a potion of berserk rage {unknown}
 k - a potion of agility {unknown}
 q - a potion of might {unknown}
 t - a potion of magic {unknown}
Comestibles
 c - 7 rations
 f - a chunk of flesh {@w0}


   Skills:
 + Level 4.3 Fighting
 * Level 5.5 Axes
 + Level 2.9 Dodging
 - Level 1.5 Stealth


You had 3 spell levels left.
You didn't know any spells.
Your spell library was empty.

Dungeon Overview and Level Annotations

Branches:
Dungeon (3/15)

Altars:


Message History

You take 1 damage, and have 40/41 hp.
You barely miss the giant cockroach. The giant cockroach bites you.
You take 1 damage, and have 39/41 hp.
You hit the giant cockroach. The giant cockroach closely misses you.
You hit the giant cockroach.
You kill the giant cockroach!
No target in view!
No target in view!
An orc and an orc wizard come into view.
Found an escape hatch in the floor.
An orc comes into view. It is wielding a +0 flail.
The orc shouts!
The orc wizard shouts!
You hear a shout!
An orc wizard comes into view. It is wielding a +4 dagger.
An orc comes into view.
The orc wizard casts a spell at you. The puff of frost misses you.
The orc enters a dispersal trap!
The orc blinks!
The orc wizard blinks!
The orc blinks!
The orc wizard blinks!
The orc blinks!
The orc wizard blinks! x2
You blink.
The orc blinks!
There are monsters nearby!
Unknown command.
Here: an orc wizard, wielding a +4 dagger and wearing a +0 robe The floor.
The orc wizard gestures at you while chanting.
The puff of frost hits you.
You take 6 damage, and have 34/41 hp.
The orc hits you with a +0 flail. The orc wizard casts a spell at you.
The puff of frost hits you!
The orc wizard gestures at you while chanting.
You are confused.
You see here 12 gold pieces.
You take 9 damage, and have 25/41 hp.
MASSIVE DAMAGE!!
Unknown command.
It was a potion of curing.
You feel better.
The orc wizard hits you with a +4 dagger.
The orc closely misses you.
You regained 2 hp, and now have 27/41 hp.
You hit the orc but do no damage. You hit the orc.
You barely miss the orc wizard.
You hit the orc wizard but do no damage.
The orc hits you but does no damage. The orc wizard barely misses you.
The orc wizard hits you but does no damage.
You hit the orc.
You hit the orc wizard but do no damage.
You closely miss the orc wizard. You hit the orc but do no damage.
The orc barely misses you. The orc hits you with a +0 club.
The orc wizard hits you but does no damage.
The orc wizard hits you with a +4 dagger.
You take 8 damage, and have 19/41 hp.
You hit the orc.
You kill the orc!
You hit the orc but do no damage. You barely miss the orc wizard.
You hit the orc wizard.
The orc wizard hits you but does no damage.
The orc hits you with a +0 club.
The orc wizard hits you with a +4 dagger.
* * * LOW HITPOINT WARNING * * *
You take 7 damage, and have 12/41 hp.
You barely miss the orc. You completely miss the orc wizard.
You hit the orc wizard but do no damage.
The orc wizard hits you with a +4 dagger.
* * * LOW HITPOINT WARNING * * *
You take 4 damage, and have 8/41 hp.
The orc wizard hits you but does no damage.
The orc barely misses you.
You see here 12 gold pieces.
Really walk into that dispersal trap?
You enter a dispersal trap!
The orc blinks!
The orc wizard blinks!
The orc blinks! x2; The orc wizard blinks! x3; The orc blinks!
You blink.
The orc hits you but does no damage. The orc wizard casts a spell at you.
The puff of flame hits you.
* * * LOW HITPOINT WARNING * * *
You take 5 damage, and have 3/41 hp.
You hit the orc wizard. You closely miss the orc wizard.
You closely miss the orc.
The orc wizard hits you but does no damage.
The orc hits you but does no damage. The orc wizard completely misses you.
You barely miss the orc wizard. You closely miss the orc.
You closely miss the orc wizard. You hit the orc but do no damage.
The orc wizard misses you. The orc completely misses you.
The orc wizard gestures wildly while chanting.
The orc wizard flickers and vanishes!
Deactivating autopickup; reactivate with Ctrl-A.
The orc closely misses you.
You closely miss something. You hit the orc but do no damage.
You hit the orc wizard. You closely miss the orc.
The orc wizard hits you but does no damage.
The orc barely misses you. Something hits you but does no damage.
The orc barely misses you.
You miss something. You hit the orc but do no damage. You hit the orc wizard.
You barely miss the orc.
The orc wizard hits you with a +0 dagger.
* * * LOW HITPOINT WARNING * * *
The orc closely misses you. Something hits you.
You die...

?.. #.. . #..
######### .####.###
#.......#
........######.$)....#
#.......#.....^.o....#
#.......#..<.#.o@o...#
#.........####..{.%..#
#.........# #.......#
#.........# #########
#.....†...#
###...###... ###.(##
###.. .....# #.#
.##.## .#


You could see an orc wizard and 2 orcs.

Vanquished Creatures
  2 adders
  An ooze (D:2)
  2 dart slugs (D:1)
  2 orcs (D:3)
  2 giant cockroaches
  5 goblins
  7 hobgoblins
  5 jackals
  10 kobolds
  A quokka (D:3)
  7 bats
  5 frilled lizards
  6 rats
55 creatures vanquished.

Notes
Turn   | Place    | Note
-------+----------+-------------------------------------------
     0 | D:1      | Firecrotchwizard the Hill Orc Monk began the quest for the
                  | Orb.
     0 | D:1      | Reached XP level 1. HP: 19/19 MP: 1/1
   344 | D:1      | Reached XP level 2. HP: 27/27 MP: 2/2
   766 | D:1      | Reached skill level 4 in Fighting
   819 | D:1      | Reached XP level 3. HP: 29/33 MP: 3/3
  1201 | D:1      | Reached skill level 5 in Axes
  1984 | D:2      | Reached XP level 4. HP: 13/40 MP: 4/4
  1990 | D:2      | HP: 10/40 [poisoned by an adder]
  1996 | D:2      | HP: 9/40 [poisoned by an adder]
  2004 | D:2      | HP: 8/40 [poisoned by an adder]
  2534 | D:3      | HP: 10/41 [poisoned by an adder]
  2540 | D:3      | HP: 9/41 [poisoned by an adder]
  2548 | D:3      | HP: 8/41 [poisoned by an adder]
  2886 | D:3      | HP: 8/41 [orc wizard/+4 dagger (4)]
  2888 | D:3      | HP: 3/41 [orc wizard/puff of flame (5)]
  2892 | D:3      | HP: 1/41 [orc wizard/+0 dagger (3)]
  2892 | D:3      | Slain by an orc wizard

Levels and vault maps discovered:
D:1:      giann_wishing_wells, layout_basic
D:2:      layout_loops_ring
D:3:      layout_rooms, first_ration

Skill      XL: |  1  2  3 |
---------------+----------+-----
Fighting       | 4 |  4.3
Axes           | 5 |  5.5
Dodging        | |  2.9
Stealth        | |  1.5

Action                   |  1- 3 |  4- 6 || total
-------------------------+-------+-------++-------
Melee: Hand axe          |   166 |    46 ||   212
  Use: Potion            |       |     1 ||     1
 Stab: Sleeping          |     7 |       ||     7
  Eat: Chunk             |     3 |     3 ||     6
Armor: Leather armour    |    50 |     1 ||    51
       Ring mail         |       |    22 ||    22
Dodge: Dodged            |   112 |    44 ||   156

Table legend:
 A = Non-vault XP
 B = Vault XP
 C = Vault XP percentage of total XP
 D = Non-vault monster count
 E = Vault monster count
 F = Vault count percentage of total count
                 A         B        C        D         E       F
            +---------+---------+-------+---------+---------+-------
      Total |     119 |       0 |   0.0 |      55 |       0 |   0.0
            +---------+---------+-------+---------+---------+-------
        D:1 |      47 |       0 |   0.0 |      29 |       0 |   0.0
        D:2 |      40 |       0 |   0.0 |      15 |       0 |   0.0
        D:3 |      32 |       0 |   0.0 |      11 |       0 |   0.0
            +---------+---------+-------+---------+---------+-------

Levels and vault maps discovered:
D:1:      giann_wishing_wells, layout_basic
D:2:      layout_loops_ring
D:3:      layout_rooms, first_ration

Table legend:
 A = Turns spent in this place as a percentage of turns spent in the entire game.
 B = Non-inter-level travel turns spent in this place as a percentage of non-inter-level travel turns spent in the entire game.
 C = Inter-level travel turns spent in this place as a percentage of turns spent in this place.
 D = Turns resting spent in this place as a percentage of non-inter-level travel turns spent in this place.
 E = Turns spent auto-exploring this place as a percentage of non-inter-level travel turns spent in this place.
 F = Non-inter-level travel turns spent in this place divided by the number of levels of this place that you've seen.
                   A       B       C       D       E      F
               +-------+-------+-------+-------+-------+----------------------
         Total | 100.0 | 100.0 |   4.5 |  47.2 |  35.3 | 920.3
       Dungeon | 100.0 | 100.0 |   4.5 |  47.2 |  35.3 | 920.3
               +-------+-------+-------+-------+-------+----------------------

Table legend:
 A = Kills in this place as a percentage of kills in entire the game.
 B = Kills by you in this place as a percentage of kills by you in the entire game.
 C = Kills by friends in this place as a percentage of kills by friends in the entire game.
 D = Other kills in this place as a percentage of other kills in the entire game.
 E = Experience gained in this place as a percentage of experience gained in the entire game.
 F = Experience gained in this place divided by the number of levels of this place that you have seen.
                   A       B       C       D       E      F
               +-------+-------+-------+-------+-------+----------------------
         Total | 100.0 | 100.0 |   N/A |   N/A | 100.0 |  39.7
       Dungeon | 100.0 | 100.0 |   N/A |   N/A | 100.0 |  39.7
               +-------+-------+-------+-------+-------+----------------------
